 Dungeon Crawl Stone Soup version 0.23.1 (webtiles) character file.

Game seed: 17298590182572562249

104 Borgoz the Sneak (level 4, -2/35 HPs)
             Began as a Ghoul Enchanter on Mar 4, 2019.
             Slain by an orc
             ... wielding a +0 flail
              (7 damage)
             ... on level 5 of the Dungeon.
             The game lasted 00:06:04 (2254 turns).

Borgoz the Sneak (Ghoul Enchanter)                  Turns: 2254, Time: 00:06:05

Health: -2/35      AC:  4    Str: 11    XL:     4   Next: 80%
Magic:  1/5        EV: 12    Int: 11    God:
Gold:   86         SH:  0    Dex:  9    Spells: 3/6 levels left

rFire    . . .     SeeInvis .   c - +0 short sword
rCold    + + .     Gourm    .   (no shield)
rNeg     + + +     Faith    .   f - +1 leather armour {rPois}
rPois    ∞         Spirit   .   (no helmet)
rElec    .         Reflect  .   (no cloak)
rCorr    .         Harm     .   (no gloves)
MR       .....                  (no boots)
Stlth    ++........             (no amulet)
HPRegen  0.00/turn              a - ring of wizardry
MPRegen  0.09/turn              i - ring of protection from cold

@: rotting
A: rotting body, claws 1, carnivore, cold resistance 1, negative energy
resistance 3, inhibited regeneration, torment resistance, unbreathing
a: no special abilities


You were on level 5 of the Dungeon.
You were not hungry.

You visited 1 branch of the dungeon, and saw 5 of its levels.

You collected 86 gold pieces.

Inventory:

Hand Weapons
 c - a +0 short sword (weapon)
 h - a +0 dagger of flaming
Armour
 f - a +1 leather armour of poison resistance (worn)
Jewellery
 a - a ring of wizardry (left claw)
 i - a ring of protection from cold (right claw)
Scrolls
 l - 2 scrolls of enchant armour
Potions
 e - a potion of cancellation {unknown}
 g - a potion of resistance
 n - a potion of brilliance {unknown}
Comestibles
 d - 3 rations


   Skills:
 + Level 1.3 Fighting
 * Level 2.7 Short Blades
 + Level 2.5 Dodging
 + Level 4.1 Stealth
 - Level 1.7 Spellcasting
 - Level 2.4 Hexes


You had 3 spell levels left.
You knew the following spells:

 Your Spells              Type           Power        Failure   Level  Hunger
a - Corona                Hex            #......      6%          1    ##.....
b - Ensorcelled Hibernat  Hex/Ice        #.....       16%         2    ###....

Your spell library contained the following spells:

 Spells                   Type           Power        Failure   Level  Hunger
 Confuse                  Hex            #.......     17%         3    ####...
 Tukima's Dance           Hex            #.......     17%         3    ####...
 Dazzling Spray           Conj/Hex       #.....       28%         3    ####...


Dungeon Overview and Level Annotations

Branches:
Dungeon (5/15)
 Temple: D:4-7

Altars:


Innate Abilities, Weirdness & Mutations

Your body is rotting away.
You thrive on raw meat.
You are immune to poison.
You have sharp fingernails.
You are carnivorous and can eat meat at any time.
Your flesh is cold resistant. (rC+)
You are immune to negative energy. (rN+++)
You do not regenerate when monsters are visible.
You are immune to unholy pain and torment.
You can survive without breathing.


Message History

The orc priest is moderately wounded.
The orc closely misses you. The orc priest closely misses you.
The quokka misses you. The orc hits you but does no damage.
You hit the orc priest.
The orc priest is moderately wounded.
The orc hits you but does no damage. The quokka bites you.
The orc priest hits you.
You hit the orc priest but do no damage.
The orc priest is moderately wounded.
The orc misses you.
The quokka bites you but does no damage.
The orc barely misses you. The orc priest hits you.
* * * LOW HITPOINT WARNING * * *
You closely miss the orc priest.
The orc priest is moderately wounded.
The orc hits you.
* * * LOW HITPOINT WARNING * * *
The quokka closely misses you. The orc priest barely misses you.
The orc hits you with a +0 flail!
You die...

#. #..# #. #.##..#
#. ..###.....# #.
....####.##
##.##.#.# #..#
...#.#.# ##.# ##.
#J#..#.# #.#
.....#o#o...# #.#
#....o@....# #.#
#...#r#...######.#
#.#.....#........#
/......#.#########
........).#
##.#.###### #.#. #
#$


You could see an orc priest, an ooze, 2 orcs and a quokka.

Vanquished Creatures
  A hound skeleton (D:5)
  3 adders
  A shadow imp (D:5)
  2 dart slugs
  2 leopard geckos
  An orc (D:3)
  2 ball pythons
  3 giant cockroaches (D:1)
  5 goblins
  6 hobgoblins
  7 kobolds
  2 quokkas
  3 bats (D:2)
  3 frilled lizards (D:1)
  10 rats
51 creatures vanquished.

Notes
Turn   | Place    | Note
-------+----------+-------------------------------------------
     0 | D:1      | Borgoz the Ghoul Enchanter began the quest for the Orb.
     0 | D:1      | Reached XP level 1. HP: 14/14 MP: 2/2
    28 | D:1      | Reached skill level 1 in Short Blades
   345 | D:1      | Reached XP level 2. HP: 14/19 MP: 3/3
   396 | D:2      | HP: 1/20 [hobgoblin/+0 club (5)]
   469 | D:2      | Learned a level 2 spell: Ensorcelled Hibernation
   873 | D:2      | Reached XP level 3. HP: 19/27 MP: 4/4
  1954 | D:3      | Reached XP level 4. HP: 33/34 MP: 5/5
  1982 | D:3      | Reached skill level 1 in Fighting
  2001 | D:3      | Reached skill level 4 in Stealth
  2074 | D:3      | Noticed a phantom
  2115 | D:4      | Noticed an ogre
  2121 | D:5      | Entered Level 5 of the Dungeon
  2254 | D:5      | Slain by an orc

Skill      XL: |  1  2  3  4 |
---------------+-------------+-----
Short Blades   | 1 2 |  2.7
Dodging        | 2 |  2.5
Fighting       | 1 |  1.3
Stealth        | 4 |  4.1
Spellcasting   | |  1.7
Hexes          | |  2.4

Action                   |  1- 3 |  4- 6 || total
-------------------------+-------+-------++-------
Melee: Dagger            |     9 |       ||     9
       Short sword       |   152 |    73 ||   225
 Cast: Corona            |     2 |       ||     2
       Ensorcelled Hiber |     1 |     3 ||     4
  Use: Scroll            |     4 |     4 ||     8
 Stab: Sleeping          |     6 |     2 ||     8
  Eat: Chunk             |    15 |     6 ||    21
Armor: Robe              |     5 |       ||     5
       Leather armour    |    24 |    20 ||    44
Dodge: Dodged            |    86 |    59 ||   145
